 Dungeon Crawl Stone Soup version 0.29-a0-520-gc852659d43 (console) character file.

Game seed: 4481561597835061286

749 capslocke the Slasher (level 7, -3/52 HPs)
             Began as a Demonspawn Gladiator on June 1, 2022.
             Was a Follower of Wu Jian.
             Slain by an orc warrior
             ... wielding a +0 long sword
              (13 damage)
             ... on level 6 of the Dungeon.
             The game lasted 00:19:35 (5460 turns).

capslocke the Slasher (Demonspawn Gladiator)        Turns: 5460, Time: 00:19:36

Health: -3/52      AC: 12    Str: 16    XL:     7   Next: 48%
Magic:  7/7        EV:  7    Int: 10    God:    Wu Jian [*.....]
Gold:   115        SH:  8    Dex: 14    Spells: 6/6 levels left

rFire   . . .      SeeInvis .   a - +0 long sword
rCold   . . .      Faith    .   k - +0 buckler
rNeg    . . .      Spirit   .   x - +0 plate armour
rPois   .          Reflect  .   c - +0 helmet
rElec   .          Harm     .   (no cloak)
rCorr   .          Rampage  .   (no gloves)
Will    .....                   (no boots)
Stlth   ..........              (no amulet)
HPRegen 0.17/turn               p - ring of flight
MPRegen 0.10/turn               (no ring)

@: about to teleport, flying
A: hooves 1, repulsion field 1, condensation shield
a: Renounce Religion


You were on level 6 of the Dungeon.
You worshipped Wu Jian.
Wu Jian was aware of your devotion.
You visited 1 branch of the dungeon, and saw 6 of its levels.

You collected 115 gold pieces.

Inventory:

Hand Weapons
 a - a +0 long sword (weapon)
 i - a +0 hunting sling
Missiles
 d - 3 throwing nets
 e - 5 javelins
 m - 4 curare-tipped darts
 u - 5 poisoned darts
 v - 4 boomerangs (quivered)
Armour
 b - a +0 leather armour
 c - a +0 helmet (worn)
 k - a +0 buckler (worn)
 x - a +0 plate armour (worn)
Jewellery
 p - a ring of flight (left hand)
Wands
 C - a wand of paralysis (5)
 D - a wand of flame (11)
Scrolls
 h - 2 scrolls of amnesia {unknown}
 j - a scroll of enchant armour {unknown}
 o - a scroll of vulnerability {unknown}
 q - a scroll of poison {unknown}
 r - a scroll of torment {unknown}
 s - a scroll of teleportation
 w - a scroll of immolation {unknown}
 y - 2 scrolls of noise {unknown}
 z - a scroll of magic mapping {unknown}
 B - a scroll of fog {unknown}
Potions
 f - a potion of degeneration {unknown}
 g - 2 potions of lignification
 l - 3 potions of flight
 n - 2 potions of brilliance
 t - a potion of curing
 A - a potion of haste {unknown}


   Skills:
 + Level 3.5 Fighting
 + Level 4.9 Long Blades
 + Level 0.1(1.8) Slings
 + Level 3.1 Throwing
 + Level 3.6 Armour
 + Level 3.2 Dodging
 + Level 1.4 Stealth
 + Level 1.5 Shields


You had 6 spell levels left.
You didn't know any spells.
Your spell library contained the following spells:

 Spells                   Type           Power      Damage    Failure   Level
 Necrotize                Necr           0%         1d4       100%        1
 Sandblast                Erth           0%         2d4       100%        1
 Passwall                 Tmut/Erth      0%         N/A       100%        2
 Stone Arrow              Conj/Erth      0%         3d7       100%        3
 Vampiric Draining        Necr           0%         2d6       100%        3
 Agony                    Necr           0%         N/A       100%        5


Dungeon Overview and Level Annotations

Branches:
Dungeon (6/15)
 Temple: D:4-7

Altars:
Dithmenos
Kikubaaqudgha
Wu Jian

Annotations:
D:5 Grinder


Innate Abilities, Weirdness & Mutations

You have large cloven feet.
You are surrounded by a mild repulsion field. (EV +2)
A meltable shield of frost defends you. (SH +4)


Message History

You fly downwards.
There is a stone staircase leading up here.
Found an escape hatch in the ceiling.
An orc is nearby!
You closely miss the orc. The orc hits you but does no damage.
You closely miss the orc. Your kick misses the orc.
The orc hits you but does no damage.
You slash the orc!
You kill the orc!
The Council accepts your kill.
Things that are here:
a +0 dagger; a +0 leather armour An orc warrior is nearby!
Throw: 4 boomerangs
Press: ? - help, Q - select action, (/) - cycle Shift-Dir - straight line, f - orc warrior
Aim: an orc warrior, wielding a +0 long sword and wearing a +0 plate armour (wandering, hasn't noticed you, 60% to hit)
You throw a boomerang. The orc warrior shouts!
The boomerang hits the orc warrior but does no damage.
The orc warrior hits you with a +0 long sword!
You barely miss the orc warrior.
The orc warrior hits you but does no damage.
You hit the orc warrior. Your kick misses the orc warrior.
The orc warrior is lightly wounded.
The orc warrior hits you with a +0 long sword!
You closely miss the orc warrior. Your kick misses the orc warrior.
The orc warrior is lightly wounded.
The orc warrior hits you with a +0 long sword!
You barely miss the orc warrior.
You kick the orc warrior, but do no damage.
The orc warrior is lightly wounded.
The orc warrior hits you with a +0 long sword!
* * * LOW HITPOINT WARNING * * *
The orc warrior hits you with a +0 long sword.
* * * LOW HITPOINT WARNING * * *
Okay, then.
As you read the scroll of teleportation, it crumbles to dust.
You feel strangely unstable.
The orc warrior hits you with a +0 long sword!
You die...

###.##########.#
.<.............#
#.#.#####......#
....ooo)<......# ###
.)..#####....... ..# ##..###
...............# #.# ......<
...............# #.# .......
...o##.##......####.#####.......
oo$..#.# ......o@)......#.......
..##.# # .......##.####.#.......
.o# .# ....... #.####.#.......
... .. ##+##..##..............
.. ##. .........#.#####..# . .
##........<........ #
....#..#.#.######. ..#.#..#.###
#. #.


You could see an orc warrior.

Vanquished Creatures
  Sigmund (D:5)
  An orc warrior (D:5)
  A centaur (D:5)
  A scorpion (D:6)
  A hound (D:4)
  Ijyb (D:4)
  2 iguanas (D:4)
  An orc wizard (D:5)
  4 gnolls
  5 adders
  A white imp (D:5)
  An ufetubus (D:4)
  6 dart slugs
  17 orcs
  3 endoplasms
  3 giant cockroaches
  5 hobgoblins
  7 jackals
  2 quokkas
  6 ball pythons
  4 bats
  5 frilled lizards
  8 goblins
  9 kobolds
  9 rats
104 creatures vanquished.

Notes
Turn   | Place    | Note
-------+----------+-------------------------------------------
     0 | D:1      | capslocke the Demonspawn Gladiator began the quest for the
                  | Orb.
     0 | D:1      | Reached XP level 1. HP: 16/16 MP: 1/1
   128 | D:1      | Reached skill level 3 in Long Blades
   168 | D:1      | Gained mutation: You have large cloven feet. [demonic
                  | ancestry]
   168 | D:1      | Reached XP level 2. HP: 22/22 MP: 2/2
  1061 | D:2      | Gained mutation: You are surrounded by a mild repulsion
                  | field. (EV +2) [demonic ancestry]
  1061 | D:2      | Reached XP level 3. HP: 17/27 MP: 3/3
  1179 | D:2      | Found an ornate altar of the Wu Jian Council.
  1208 | D:2      | Became a worshipper of the Wu Jian Council
  1812 | D:3      | Reached skill level 1 in Stealth
  2154 | D:3      | Gained mutation: A meltable shield of frost defends you.
                  | (SH +4) [demonic ancestry]
  2154 | D:3      | Reached XP level 4. HP: 27/33 MP: 4/4
  2315 | D:3      | Found a large runed translucent door.
  2315 | D:3      | Found a large runed translucent door.
  2612 | D:3      | Found an ancient bone altar of Kikubaaqudgha.
  2620 | D:3      | Found a shadowy altar of Dithmenos.
  2690 | D:4      | Reached * piety under Wu Jian
  2879 | D:3      | Reached skill level 1 in Armour
  2879 | D:3      | Reached XP level 5. HP: 27/39 MP: 5/5
  3059 | D:4      | Reached skill level 4 in Long Blades
  3540 | D:4      | Noticed Ijyb
  3549 | D:4      | Paralysed by a hobgoblin for 3 turns
  3555 | D:4      | Killed Ijyb
  3555 | D:4      | Paralysed by a hobgoblin for 4 turns
  3561 | D:4      | Reached XP level 6. HP: 24/46 MP: 6/6
  3925 | D:5      | Entered Level 5 of the Dungeon
  3935 | D:5      | Noticed Grinder
  4310 | D:5      | Noticed an orc warrior
  4417 | D:5      | Killed an orc warrior
  4784 | D:5      | Reached skill level 1 in Shields
  4957 | D:5      | Noticed Sigmund
  4968 | D:5      | Killed Sigmund
  4969 | D:5      | Reached XP level 7. HP: 35/52 MP: 7/7
  5460 | D:6      | Slain by an orc warrior

Illustrated notes

Levels and vault maps discovered:
D:1:      dpeg_arrival_oval, layout_loops_ring
D:2:      layout_basic, basic_altar, grunt_decor_fettered, minmay_misc_feat_x
D:3:      layout_rooms, jmf_multi_god_temple2, chequers_arboretum
D:4:      layout_gridville, uniq_ijyb
D:5:      layout_rooms, uniq_sigmund, uniq_grinder
D:6:      layout_basic, temple_doors_e, uniq_menkaure

Skill      XL: |  1  2  3  4  5  6 |
---------------+-------------------+-----
Long Blades    | 3 4 |  4.9
Dodging        | 3 |  3.2
Stealth        | 1 |  1.4
Throwing       | 2 3 |  3.1
Armour         | 1 3 |  3.6
Fighting       | 3 |  3.5
Shields        | 1 |  1.5
Slings         | |  0.1

Action                   |  1- 3 |  4- 6 |  7- 9 || total
-------------------------+-------+-------+-------++-------
Melee: Long sword        |   112 |   156 |    33 ||   301
       Kick              |    19 |    41 |    10 ||    70
       Punch             |       |     2 |       ||     2
 Fire: Hunting sling     |     2 |       |       ||     2
Throw: Throwing net      |     1 |     2 |       ||     3
       Boomerang         |       |    43 |     6 ||    49
Invok: Lunge             |     2 |    14 |     1 ||    17
  Use: Scroll            |       |     6 |     1 ||     7
       Potion            |       |     7 |       ||     7
 Stab: Sleeping          |     1 |     2 |       ||     3
       Held in net/web   |       |     1 |       ||     1
Armor: Leather armour    |    43 |     5 |       ||    48
       Plate armour      |       |    83 |    18 ||   101
Dodge: Dodged            |    96 |    75 |    15 ||   186
Block: Other             |       |    20 |       ||    20
       Buckler           |       |       |     6 ||     6

Table legend: (Time is in decaauts)
 A = Elapsed time spent in this place.
 B = Non-inter-level travel time spent in this place.
 C = Inter-level travel time spent in this place.
 D = Time resting spent in this place.
 E = Time spent auto-exploring this place.
 F = Levels seen in this place.
 G = Mean time per level.
                   A        B        C        D        E       F      G
               +--------+--------+--------+--------+--------+-----+--------+
         Total |   5526 |   5262 |    264 |   1975 |   2364 |   6 |  921.0 |
       Dungeon |   5526 |   5262 |    264 |   1975 |   2364 |   6 |  921.0 |
               +--------+--------+--------+--------+--------+-----+--------+

Top non-repeatable levels by time:
     D:4: 1387 daAuts
     D:5: 1190 daAuts
     D:3: 1015 daAuts
     D:1: 938 daAuts
     D:2: 836 daAuts
     D:6: 157 daAuts
